AoeStats
← rodrigomendez.movilidad

Hideout

509267900Analyzed
1v1 RM · 7d ago on Sep 26, 2026· 47m 0s· 2 players
Game mode
Random Map
Map size
Tiny (2 player)
Population
200
Speed
Normal
Resources
Standard
Victory
Conquest
Starting age
Dark Age
Ending age
Imperial Age
RankedLock teamsTeams togetherTeam positionsShared explorationLock speedFull tech treeHidden civsTurbo modeCheats
Victory
Defeat
🇺🇸 Persians · United States
723
+15
🇲🇽 Burmese · Mexico
692
-30
rodrigomendez.movilidad
6:07 Loom
17:49 Feudal Age
18:02 Man-at-Arms
21:13 Horse Collar
23:44 Wheelbarrow
31:24 Castle Age
31:43 Forging
31:34 Scale Mail Armor
31:49 Town Watch
33:12 Long Swordsman
33:13 Pikeman
34:00 Husbandry
34:43 Hand Cart
35:46 Light Cavalry
36:38 Bloodlines
36:30 Crossbowman
36:31 Elite Skirmisher
37:41 Stone Mining
37:46 Gold Mining
40:40 Gold Shaft Mining
40:31 Heavy Plow
41:09 Squires
40:55 Gambesons
41:51 Iron Casting
45:06 Masonry
44:49 Guard Tower
45:11 Fortified Wall
47:47 Imperial Age
RadiatTions
10:35 Feudal Age
11:12 Loom
18:44 Double-Bit Axe
23:11 Castle Age
21:14 Horse Collar
21:28 Stone Mining
21:31 Gold Mining
26:22 Bow Saw
29:44 Imperial Age
31:00 Kamandaran
30:29 Crossbowman
32:11 Wheelbarrow
31:23 Town Watch
31:55 Heavy Plow
32:39 Thumb Ring
33:42 Fletching
34:16 Ballistics
34:25 Conscription
35:51 Two-Man Saw
35:59 Crop Rotation
36:35 Hand Cart
36:21 Town Patrol
36:41 Husbandry
36:51 Bloodlines
37:03 Citadels
36:56 Murder Holes
38:07 Chemistry
38:14 Masonry
39:29 Hoardings
39:01 Bodkin Arrow
39:12 Scale Barding Armor
39:08 Padded Archer Armor
39:18 Forging
39:48 Gold Shaft Mining
39:53 Stone Shaft Mining
40:37 Architecture
41:04 Chain Barding Armor
41:22 Capped Ram
41:48 Elite War Elephant
41:59 Sappers
43:27 Leather Archer Armor
43:48 Iron Casting
44:04 Plate Barding Armor
44:51 Devotion
47:18 Ring Archer Armor
47:49 Blast Furnace
Connection lost

Rejoining the realm…

Still unreachable

The connection could not be restored.

Session expired

The server has moved on; the page needs a fresh start.